 Dungeon Crawl Stone Soup version 0.28-a0-779-g3d1f99b579 (webtiles) character file.

Game seed: 13949356018450090488

42 ytrimaz the Conjurer (level 3, -2/21 HPs)
             Began as an Octopode Conjurer on Nov 2, 2021.
             Slain by an ice beast (7 damage)
             ... on level 3 of the Dungeon.
             The game lasted 00:01:58 (2249 turns).

ytrimaz the Conjurer (Octopode Conjurer)            Turns: 2249, Time: 00:01:58

Health: -2/21      AC:  1    Str:  6    XL:     3   Next: 54%
Magic:  0/6        EV: 13    Int: 21    God:
Gold:   82         SH:  0    Dex: 10    Spells: 5/6 levels left

rFire   . . .      SeeInvis .   (no weapon)
rCold   . . .      Faith    .   (no shield)
rNeg    . . .      Spirit   .   (helmet restricted)
rPois   +          Reflect  .   (no amulet)
rElec   .          Harm     .   a - ring of poison resistance
rCorr   .          Rampage  .   (no ring)
Will    .....                   (no ring)
Stlth   +++.......              (no ring)
HPRegen 0.07/turn               (no ring)
MPRegen 0.10/turn               (no ring)
                                (no ring)
                                (no ring)

@: no status effects
A: almost no armour, amphibious, 8 rings, camouflage 1, gelatinous body 1,
(nimble swimmer 1), tentacles
a: no special abilities


You were on level 3 of the Dungeon.
You visited 1 branch of the dungeon, and saw 3 of its levels.

You collected 82 gold pieces.

Inventory:

Jewellery
 a - a ring of poison resistance (left tentacle)
Scrolls
 e - a scroll of identify {unknown}
 h - a scroll of amnesia {unknown}
Potions
 c - a potion of might {unknown}
 d - a potion of heal wounds {unknown}
 f - a potion of mutation {unknown}
 g - a potion of degeneration {unknown}


   Skills:
 - Level 2.0 Dodging
 - Level 2.7 Stealth
 * Level 2.3 Spellcasting
 + Level 5.0 Conjurations


You had 5 spell levels left.
You knew the following spells:

 Your Spells              Type           Power      Damage    Failure   Level
a - Magic Dart            Conj           92%        1d7       1%          1

Your spell library contained the following spells:

 Spells                   Type           Power      Damage    Failure   Level
 Searing Ray              Conj           46%        2d6       2%          2
 Dazzling Flash           Conj/Hex       24%        N/A       16%         3
 Ensorcelled Hibernation  Hex/Ice        4%         N/A       22%         2
 Tukima's Dance           Hex            2%         N/A       41%         3
 Fulminant Prism          Conj/Hex       6%         3d7       45%         4
 Iskenderun's Mystic Bla  Conj/Tloc      12%        2d5       45%         4


Dungeon Overview and Level Annotations

Branches:
Dungeon (3/15)

Altars:


Innate Abilities, Weirdness & Mutations

You cannot wear most types of armour.
You are amphibious.
You can wear up to eight rings at the same time.
Your skin changes colour to match your surroundings (Stealth+).
Your rubbery body absorbs attacks. (AC +1, EV +1)
((You are camouflaged near water. (Stealth+)))
You have tentacles for arms and can constrict up to eight enemies at once.


Message History

An ice beast comes into view.
An ice beast is nearby!
The magic dart hits the ice beast but does no damage.
The magic dart hits the ice beast but does no damage.
The magic dart hits the ice beast.
The ice beast is lightly wounded.
The magic dart hits the ice beast.
The ice beast is lightly wounded.
The magic dart hits the ice beast.
The ice beast is moderately wounded.
You can't see any susceptible monsters within range! (Use Z to cast anyway.)
The ice beast barely misses you.
There is a stone staircase leading up here.
The magic dart hits the ice beast but does no damage.
The ice beast is moderately wounded.
The ice beast closely misses you.
Casting: Magic Dart (safe; 1% risk of failure)
Confirm with . or Enter, or press ? or * to list all spells.
Aiming: Magic Dart (safe; 1% risk of failure)
Press: ? - help, Shift-Dir - straight line, f/p - ice beast
Aim: an ice beast (moderately wounded, 100% to hit)
The magic dart hits the ice beast but does no damage.
The ice beast is moderately wounded.
The ice beast hits you but does no damage.
Casting: Magic Dart (safe; 1% risk of failure)
Confirm with . or Enter, or press ? or * to list all spells.
Aiming: Magic Dart (safe; 1% risk of failure)
Press: ? - help, Shift-Dir - straight line, f/p - ice beast
Aim: an ice beast (moderately wounded, 100% to hit)
The magic dart hits the ice beast.
The ice beast is moderately wounded.
The ice beast hits you. The ice beast freezes you!
Ouch! That really hurt!
As you read the scroll labelled XYXTYE LOCSEOW, it crumbles to dust.
It is a scroll of enchant armour.
You aren't carrying any armour which can be enchanted further.
The ice beast hits you.
* * * LOW HITPOINT WARNING * * *
The ice beast freezes you!
You die...

.#.##.# .#.##.# ...##.#
##.##.######
##......(..#######
##.##.............
##.##..###.####### #
##..###.############. .
............Y@.......
#..######..############.
#.. #..# # #..# #..#
#..# #.## #.# #.#


You could see an ice beast.

Vanquished Creatures
  A gnoll (D:1)
  3 dart slugs
  An endoplasm (D:1)
  A giant cockroach (D:1)
  2 goblins
  A hobgoblin (D:2)
  3 jackals (D:1)
  A quokka (D:1)
  4 ball pythons
  4 bats
  A frilled lizard (D:1)
  2 kobolds (D:1)
  2 rats (D:1)
26 creatures vanquished.

Notes
Turn   | Place    | Note
-------+----------+-------------------------------------------
     0 | D:1      | ytrimaz the Octopode Conjurer began the quest for the Orb.
     0 | D:1      | Reached XP level 1. HP: 11/11 MP: 3/3
   307 | D:1      | Reached XP level 2. HP: 17/17 MP: 3/5
   908 | D:1      | Reached XP level 3. HP: 11/21 MP: 0/6
  1472 | D:2      | Reached skill level 5 in Conjurations
  1707 | D:2      | Found a faded altar of an unknown god.
  2226 | D:3      | Noticed an ice beast
  2249 | D:3      | Slain by an ice beast

Illustrated notes

Levels and vault maps discovered:
D:1:      nagdon_arrival_double_spiral, layout_basic
D:2:      layout_basic, ebering_ecumenical_altar_webs
D:3:      layout_loops_ring, zin_angel, kennysheep_pointless_box,
          minmay_misc_feat_five, minmay_misc_feat_cross, uniq_ijyb

Skill      XL: |  1  2  3 |
---------------+----------+-----
Conjurations   | 5 |  5.0
Dodging        | |  2.0
Stealth        | |  2.7
Spellcasting   | |  2.3

Action                   || total
-------------------------++-------
Melee: Unarmed           ||    12
       Constrict         ||     4
       Tentacles         ||     3
 Cast: Magic Dart        ||    59
  Use: Scroll            ||     1
Armor: Skin              ||     2
Dodge: Dodged            ||    13

Table legend: (Time is in decaauts)
 A = Elapsed time spent in this place.
 B = Non-inter-level travel time spent in this place.
 C = Inter-level travel time spent in this place.
 D = Time resting spent in this place.
 E = Time spent auto-exploring this place.
 F = Levels seen in this place.
 G = Mean time per level.
                   A        B        C        D        E       F      G
               +--------+--------+--------+--------+--------+-----+--------+
         Total |   2247 |   2167 |     80 |    241 |   1757 |   3 |  749.0 |
       Dungeon |   2247 |   2167 |     80 |    241 |   1757 |   3 |  749.0 |
               +--------+--------+--------+--------+--------+-----+--------+

Top non-repeatable levels by time:
     D:1: 1227 daAuts
     D:2: 863 daAuts
     D:3: 156 daAuts
